 Dungeon Crawl Stone Soup version 0.27.0-1-g7a089689b8 (webtiles) character file.

Game seed: 9476502406587746328

93 Descartes the Covert (level 4, 0/23 HPs)
             Began as a Spriggan Delver on Aug 14, 2021.
             Was an Initiate of Dithmenos.
             Slain by a water moccasin skeleton (7 damage)
             ... on level 4 of the Dungeon.
             The game lasted 00:02:38 (2549 turns).

Descartes the Covert (Spriggan Delver)              Turns: 2549, Time: 00:02:39

Health: 0/23       AC:  2    Str:  9    XL:     4   Next: 36%
Magic:  5/5        EV: 17    Int: 11    God:    Dithmenos [......]
Gold:   54         SH:  0    Dex: 16    Spells: 3/3 levels left

rFire    . . .     SeeInvis +   a - +0 short sword
rCold    . . .     Faith    .   (shield restricted)
rNeg     . . .     Spirit   .   b - +0 robe
rPois    .         Reflect  .   (helmet restricted)
rElec    .         Harm     .   (no cloak)
rCorr    .         Rampage  .   (gloves unavailable)
Will     .....                  (boots unavailable)
Stlth    ++++......             (no amulet)
HPRegen  0.07/turn              (no ring)
MPRegen  0.09/turn              (no ring)

@: very quick
A: very small, no large weapons, unfitting armour, see invisible, speed 3
a: Renounce Religion


You were on level 4 of the Dungeon.
You worshipped Dithmenos.
Dithmenos was noncommittal.
You visited 1 branch of the dungeon, and saw 3 of its levels.

You collected 54 gold pieces.

Inventory:

Hand Weapons
 a - a +0 short sword (weapon)
Missiles
 l - 4 atropa-tipped darts (quivered)
 m - 28 stones
Armour
 b - a +0 robe (worn)
Wands
 g - a wand of digging (3)
 k - a wand of polymorph (12)
Scrolls
 c - a scroll of fog
 d - a scroll of magic mapping
 e - a scroll of fear
 h - a scroll of teleportation {unknown}
Potions
 f - a potion of haste
 i - a potion of brilliance {unknown}
 j - a potion of curing {unknown}


   Skills:
 - Level 2.4 Fighting
 - Level 2.1 Short Blades
 - Level 2.6 Dodging
 + Level 9.9 Stealth


You had 3 spell levels left.
You didn't know any spells.
Your spell library was empty.

Dungeon Overview and Level Annotations

Branches:
Dungeon (5/15)
 Temple: D:4-7

Altars:
Dithmenos

Annotations:
D:4 1 transporter


Innate Abilities, Weirdness & Mutations

You are very small and have problems with some larger weapons.
You are too small for most types of armour.
You have supernaturally acute eyesight. (SInv)
You cover ground extremely quickly. (Speed+++)


Message History

You are too injured to fight recklessly!
You are too injured to fight recklessly!
You are too injured to fight recklessly!
You are too injured to fight recklessly!
You are too injured to fight recklessly!
You are too injured to fight recklessly!
You are too injured to fight recklessly!
You are too injured to fight recklessly!
You are too injured to fight recklessly!
You are too injured to fight recklessly!
You are too injured to fight recklessly!
You are too injured to fight recklessly!
You hit the water moccasin skeleton but do no damage.
The water moccasin skeleton is lightly damaged.
The water moccasin skeleton bites you.
* * * LOW HITPOINT WARNING * * *
The water moccasin skeleton closely misses you.
You closely miss the water moccasin skeleton.
The water moccasin skeleton is lightly damaged.
The water moccasin skeleton misses you.
You hit the water moccasin skeleton.
The water moccasin skeleton is lightly damaged.
The water moccasin skeleton bites you.
* * * LOW HITPOINT WARNING * * *
You start resting.
A water moccasin skeleton is nearby!
You hit the water moccasin skeleton but do no damage.
The water moccasin skeleton is lightly damaged.
The water moccasin skeleton misses you.
You hit the water moccasin skeleton.
The water moccasin skeleton is lightly damaged.
The water moccasin skeleton misses you.
The water moccasin skeleton closely misses you.
You closely miss the water moccasin skeleton.
The water moccasin skeleton is lightly damaged.
The water moccasin skeleton closely misses you.
You hit the water moccasin skeleton but do no damage.
The water moccasin skeleton is lightly damaged.
The water moccasin skeleton bites you!
You die...

####............
#..+..<.......##
#.§.§.........+.
######..§..........##
#....##..............
#....####......<....#
#....# #............
#....####..........##
#...@Z...............
#....####..........##
#....# #............
#....# ######....####
#....# #...Z.....#
#....###.........####
##>.)................
###.................
#...........######


You could see a water moccasin skeleton.

Vanquished Creatures
  An iguana (D:4)
  3 hound skeletons (D:4)
  An orc (D:4)
  3 endoplasms (D:4)
  2 giant cockroaches (D:4)
  4 goblins
  2 hobgoblins (D:4)
  4 jackals
  3 ball pythons
  A bat (D:3)
  A rat (D:3)
25 creatures vanquished.

Vanquished Creatures (others)
  A jackal (D:3)
  A ball python (D:3)
2 creatures vanquished.

Grand Total: 27 creatures vanquished

Notes
Turn   | Place    | Note
-------+----------+-------------------------------------------
     0 | D:5      | Descartes the Spriggan Delver began the quest for the Orb.
     0 | D:5      | Reached XP level 1. HP: 11/11 MP: 2/2
   735 | D:3      | Reached XP level 2. HP: 2/16 MP: 3/3
   747 | D:4      | Found a shadowy altar of Dithmenos.
   755 | D:4      | Became a worshipper of Dithmenos the Shadowed
  1020 | D:4      | Reached skill level 8 in Stealth
  1020 | D:4      | Reached XP level 3. HP: 2/19 MP: 4/4
  1110 | D:4      | Reached skill level 9 in Stealth
  1403 | D:4      | Reached XP level 4. HP: 17/23 MP: 5/5
  2079 | D:4      | Found a transporter.
  2083 | D:4      | Noticed a fire bat
  2549 | D:4      | Slain by a water moccasin skeleton

Illustrated notes

Levels and vault maps discovered:
D:3:      layout_basic, mainiacjoe_overflow_tiny_flanked,
          grunt_temple_overflow_open, mainiacjoe_overflow_alcove_4,
          nicolae_overflow_hidden_temple, grunt_decor_cap, lemuel_old_faithful
D:4:      gammafunk_cloud_chamber, layout_basic, grunt_dithmenos_smoke,
          minmay_misc_feat_secret_circle, kennysheep_dice
D:5:      layout_basic, zin_treasury

Skill      XL: |  1  2  3 |
---------------+----------+-----
Stealth        | 8 9 |  9.9
Fighting       | |  2.4
Short Blades   | |  2.1
Dodging        | |  2.6

Action                   |  1- 3 |  4- 6 || total
-------------------------+-------+-------++-------
Melee: Short sword       |    74 |    69 ||   143
 Stab: Distracted        |     1 |       ||     1
       Sleeping          |     1 |     5 ||     6
Armor: Robe              |     9 |     9 ||    18
Dodge: Dodged            |    59 |    54 ||   113
